[Event "Titled Tuesday Blitz April 25 Early 2023"]
[White "Leenhouts, Koen"]
[Black "Aaditya Dhingra"]
[WhiteFideId "1008439"]
[BlackFideId "25678191"]
[WhiteElo "2409"]
[BlackElo "2083"]
[Result "1-0"]
[Round "11"]
[TimeControl "180+2"]
[Date "2023.04.25"]
[WhiteClock "0:00:07"]
[BlackClock "0:00:08"]

1. d4 Nf6 2. c4 e6 3. Nc3 Bb4 4. Qc2 d5 5. cxd5 Qxd5 6. e3 c5 7. Bd2 Bxc3 8. Bxc3 Nc6 9. dxc5 Qxc5 10. Rc1 O-O 11. Bxf6 Qxc2 12. Rxc2 gxf6 13. a3 e5 14. Bd3 Rd8 15. Be4 Ne7 16. g3 f5 17. Bg2 Kf8 18. Nf3 f6 19. O-O Be6 20. Rc7 Bd5 21. Nh4 e4 22. Rfc1 Bc6 23. Bh3 Rd5 24. b4 Rad8 25. a4 a6 26. Kg2 Ke8 27. Rxe7+ Kxe7 28. Nxf5+ Kf8 29. Rc4 Bxa4 30. Rc7 R5d7 31. Rc5 Rd5 32. Rc7 Bd7 33. Nd4 Bxh3+ 34. Kxh3 R8d7 35. Rc8+ Kf7 36. Rh8 Kg7 37. Rb8 h6 38. Kg4 Re5 39. Kf4 Kf7 40. h4 Rde7 41. Rh8 h5 42. Rb8 a5 43. Nf5 Rxf5+ 44. Kxf5 axb4 45. Ra8 b3 46. Ra1 Re5+ 47. Kf4 Ke6 48. Rb1 Rb5 49. Kxe4 Rb4+ 50. Kd3 Kd5 51. Kc3 Rb6 52. f3 f5 53. Rxb3 Rg6 54. Rxb7 Rxg3 55. Rb5+ Ke6 56. Kd4 Rxf3 57. Rb6+ Ke7 58. Rh6 f4 59. e4 Ra3 60. Rxh5 Kf6 61. Rf5+ Kg6 62. Rxf4 Ra4+ 63. Ke3 Ra3+ 64. Kf2 Ra2+ 65. Kf3 Ra3+ 66. Kg4 Ra1 67. h5+ Kh6 68. Rf6+ Kg7 69. Rb6 Rg1+ 70. Kf5 Rf1+ 71. Ke5 Re1 72. h6+ Kh7 73. Kf5 Rf1+ 74. Ke6 Kxh6 75. e5 Kg7 76. Ke7 Re1 77. e6 Re2 78. Kd7 Rd2+ 79. Ke8 Re2 80. e7 Re3 81. Rd6 Re2 82. Rd4 Re5 83. Kd8 Kf7 84. Rf4+ 1-0


[Site "https://www.chess.com"]

[Event "Titled Tuesday Blitz April 25 Early 2023"]
[White "Ezat, Mohamed"]
[Black "Indjic, Aleksandar"]
[WhiteFideId "10600906"]
[BlackFideId "911925"]
[WhiteElo "2386"]
[BlackElo "2614"]
[Result "0-1"]
[Round "11"]
[TimeControl "180+2"]
[Date "2023.04.25"]
[WhiteClock "0:00:02"]
[BlackClock "0:02:16"]

1. d4 Nf6 2. Nf3 e6 3. g3 c5 4. Bg2 cxd4 5. O-O d5 6. Nxd4 e5 7. Nf3 Nc6 8. Bg5 Be6 9. c4 d4 10. Nbd2 a5 11. Ne4 Be7 12. Bxf6 gxf6 13. Rc1 f5 14. Ned2 e4 15. Ne1 h5 16. h4 Rg8 17. Qb3 Qc7 18. e3 O-O-O 19. exd4 Rxd4 20. Qe3 f4 21. gxf4 f5 22. Nc2 Rd3 23. Qe2 Qxf4 24. Ne1 Rxd2 25. Qe3 Nd4 26. Qxf4 Ne2+ 27. Kh2 Nxf4 28. Bh1 Bd6 29. c5 Bc7 30. c6 Ne2+ 0-1


[Site "https://www.chess.com"]

[Event "Titled Tuesday Blitz April 25 Early 2023"]
[White "Mamedov, Edgar"]
[Black "Kukhmazov, Arsen"]
[WhiteFideId "13739980"]
[BlackFideId "24108260"]
[WhiteElo "2330"]
[BlackElo "2396"]
[Result "1/2-1/2"]
[Round "11"]
[TimeControl "180+2"]
[Date "2023.04.25"]
[WhiteClock "0:00:04"]
[BlackClock "0:00:09"]

1. Nf3 d5 2. c4 c6 3. cxd5 cxd5 4. d4 Nc6 5. Bf4 Qb6 6. Nc3 Nf6 7. e3 Qxb2 8. Nb5 Ne4 9. Be2 Nc3 10. Nxc3 Qxc3+ 11. Nd2 e6 12. O-O Be7 13. Nb3 Qb4 14. Rb1 Qa3 15. Qc1 O-O 16. Qxa3 Bxa3 17. Bb5 Bd7 18. Bxc6 Bxc6 19. Na5 Rfc8 20. Nxb7 Bxb7 21. Rxb7 Rc2 22. Rfb1 h5 23. h4 Rxa2 24. Rd7 Rb2 25. Ra1 Rb3 26. Bd6 Bxd6 27. Rxd6 a5 28. Ra4 Rb2 29. Rc6 Rb4 30. Rxb4 axb4 31. Rb6 Ra1+ 32. Kh2 Rb1 33. Rb7 b3 34. Kg3 g6 35. Kf3 Kg7 36. g3 Kf6 37. Kg2 b2 38. Kf3 e5 39. Rb6+ Kf5 40. dxe5 Kxe5 41. Ke2 f6 42. Kf3 g5 43. Kg2 Kf5 44. hxg5 fxg5 45. Rb4 g4 46. Rf4+ Ke5 47. Rb4 Kd6 48. Rb8 Kc5 49. Kh2 Kc4 50. Kg2 Kc3 51. Rc8+ Kd3 52. Rb8 Ke2 53. Rb7 Ke1 54. Rb8 Kd2 55. Rb7 Kc2 56. Rc7+ Kd3 57. Rb7 d4 58. exd4 Kxd4 59. Rb8 Kc4 60. Rb7 Kd3 61. Rb8 Kc2 62. Rc8+ Kd1 63. Rb8 Rc1 64. Rxb2 Rc2 65. Rb5 Ke1 66. Rb1+ Ke2 67. Rh1 Rc5 68. Ra1 Rf5 69. Ra2+ Ke1 70. Ra1+ Ke2 71. Ra2+ Ke1 72. Ra1+ Ke2 1/2-1/2


[Site "https://www.chess.com"]

[Event "Titled Tuesday Blitz April 25 Early 2023"]
[White "Kosakowski, Jakub"]
[Black "Martinez Ramirez, Lennis"]
[WhiteFideId "1185080"]
[BlackFideId "3509079"]
[WhiteElo "2488"]
[BlackElo "2410"]
[Result "1-0"]
[Round "11"]
[TimeControl "180+2"]
[Date "2023.04.25"]
[WhiteClock "0:00:05"]
[BlackClock "0:00:01"]

1. Nf3 d5 2. e3 Nf6 3. c4 g6 4. Nc3 Bg7 5. Qb3 dxc4 6. Bxc4 O-O 7. d4 Nc6 8. Qa3 Bg4 9. Be2 a5 10. Bd2 Nb4 11. Rc1 Bxf3 12. gxf3 e5 13. dxe5 Nd7 14. Ne4 Nxe5 15. O-O f5 16. Bxb4 axb4 17. Qb3+ Kh8 18. Nc5 Qg5+ 19. Kh1 Qh5 20. Rg1 Nxf3 21. Rg2 Be5 22. Ne6 Rfe8 23. Ng5 Qxg5 24. Rxg5 Nxg5 25. Qxb4 Ne4 26. Kg2 Rxa2 27. Rc2 b6 28. Qb5 Nd6 29. Qd5 Rxb2 30. Rxb2 Bxb2 31. Bb5 Re7 32. Bc4 Kg7 33. Qg8+ Kh6 34. Qf8+ Rg7 35. Bd5 b5 36. Qd8 g5 37. h3 b4 38. Qb8 Bc3 39. Kf1 g4 40. h4 g3 41. fxg3 Rxg3 42. Qxc7 Rg6 43. Ke2 Rf6 44. h5 Kxh5 45. Qxh7+ Kg5 46. Kf3 Ne4 47. Qh2 Kg6 48. Qh8 Kg5 49. Ke2 Rh6 50. Qd8+ Kg4 51. Qg8+ Ng5 52. Bf3+ Kh4 53. Qb8 Rf6 54. Qf4+ 1-0


[Site "https://www.chess.com"]

[Event "Titled Tuesday Blitz April 25 Early 2023"]
[White "Kvaloy, Aksel Bu"]
[Black "Rozen, Eytan"]
[WhiteFideId "1528815"]
[BlackFideId "2816750"]
[WhiteElo "2208"]
[BlackElo "2451"]
[Result "1/2-1/2"]
[Round "11"]
[TimeControl "180+2"]
[Date "2023.04.25"]
[WhiteClock "0:00:04"]
[BlackClock "0:00:06"]

1. e4 Nf6 2. e5 Nd5 3. c4 Nb6 4. d4 d6 5. exd6 cxd6 6. a4 g6 7. Nc3 Bg7 8. a5 N6d7 9. Nf3 O-O 10. Be2 e5 11. O-O Nc6 12. d5 Ne7 13. Nb5 Nc5 14. b4 Ne4 15. Bd3 f5 16. Bxe4 fxe4 17. Ng5 Nf5 18. Nxe4 a6 19. Bg5 Qd7 20. Nbc3 Nd4 21. Be3 Qe7 22. f3 Bf5 23. Ne2 Bxe4 24. fxe4 Rxf1+ 25. Kxf1 Qh4 26. Nxd4 exd4 27. Bxd4 Qxh2 28. Bxg7 Kxg7 29. Qd4+ Kg8 30. Qg1 Qe5 31. Ra3 Qxe4 32. Qe3 Qxc4+ 33. Kg1 Qxd5 34. Rd3 Qe5 35. Qxe5 dxe5 36. Rd7 Rb8 37. Re7 Kf8 38. Rxh7 Kg8 39. Re7 Kf8 40. Rxe5 Re8 41. Rc5 Kf7 42. Kf2 Kf6 43. Kf3 Re5 44. Rc7 Rb5 45. Rc4 g5 46. Ke4 Re5+ 47. Kf3 Rf5+ 48. Ke3 Re5+ 49. Kf3 Rd5 50. Ke4 Rd2 51. Rc7 Rxg2 52. Rxb7 Rg4+ 53. Kf3 Rf4+ 54. Kg3 Ke5 55. Rg7 Rxb4 56. Rxg5+ Kd4 57. Rg6 Ra4 58. Rxa6 Kc5 59. Ra8 Ra3+ 60. Kf4 Kb5 61. Ke5 Rxa5 62. Rxa5+ Kxa5 1/2-1/2


[Site "https://www.chess.com"]

[Event "Titled Tuesday Blitz April 25 Early 2023"]
[White "Bartel, Michal"]
[Black "Molina, Roberto Junio Brito"]
[WhiteFideId "1119257"]
[BlackFideId "2109450"]
[WhiteElo "2282"]
[BlackElo "2376"]
[Result "1/2-1/2"]
[Round "11"]
[TimeControl "180+2"]
[Date "2023.04.25"]
[WhiteClock "0:01:21"]
[BlackClock "0:00:04"]

1. e4 c6 2. Nc3 d5 3. Qf3 dxe4 4. Nxe4 Nd7 5. Qg3 Ngf6 6. Nxf6+ Nxf6 7. Bc4 Qd6 8. Qxd6 exd6 9. Nf3 Bf5 10. d3 d5 11. Bb3 Bd6 12. O-O Kd7 13. Bg5 Ne8 14. Rfe1 f6 15. Bh4 Nc7 16. Bg3 Bxg3 17. hxg3 Rae8 18. Nh4 Be6 19. d4 Re7 20. c3 g5 21. Nf3 Bf5 22. Rxe7+ Kxe7 23. Re1+ Kd6 24. Nd2 h5 25. f3 h4 26. g4 Bg6 27. Kf2 b6 28. Nf1 Re8 29. Ne3 a5 30. g3 Rh8 31. gxh4 Rxh4 32. Kg3 Rh8 33. Bc2 Bxc2 34. Nxc2 Ne6 35. Re2 Nf4 36. Rh2 Rxh2 37. Kxh2 Nd3 38. b4 Nc1 39. a4 Ne2 40. bxa5 bxa5 41. f4 Nxf4 42. Ne3 Ne2 43. Nd1 c5 44. dxc5+ Kxc5 45. Kg2 d4 46. cxd4+ Kxd4 47. Kf2 Nc3 48. Ne3 Nxa4 49. Kf3 Nc5 50. Nc2+ Kc3 51. Na3 a4 52. Ke3 Kb3 53. Nb5 Kb4 54. Nd4 Kc4 55. Nc2 Kd5 56. Nb4+ Ke5 57. Nc6+ Kd6 58. Nd4 Kd5 59. Nb5 Nb3 60. Nc3+ Ke5 61. Nxa4 Nd4 62. Nc5 Nc2+ 63. Kf3 Nb4 64. Ke3 Kd5 65. Nd7 Ke6 66. Nc5+ Kd6 67. Ne4+ Ke5 68. Nc5 Nd5+ 69. Kf3 Nf4 70. Nd7+ Ke6 71. Nc5+ Kd6 72. Ne4+ Ke5 73. Nc5 Kd5 74. Nd7 Ke6 75. Nc5+ Kd6 76. Ne4+ Ke7 77. Nc5 Ng6 78. Ne4 Ne5+ 79. Kg3 Ke6 80. Nc5+ Kf7 81. Ne4 Nd7 82. Kf3 Ke6 83. Kg3 Kd5 84. Nc3+ Kd4 85. Nb5+ Ke5 86. Nc3 Nb6 87. Kf3 Nd5 88. Nb5 Nf4 89. Nc3 Ng6 90. Nb5 Nf8 91. Nc3 Ne6 92. Kg3 Nd4 93. Na4 Nb3 94. Kf3 Kd4 95. Nb6 Nd2+ 96. Kg3 Nc4 97. Nd7 Nd6 98. Nxf6 Ne4+ 99. Nxe4 Kxe4 100. Kh3 Kf3 101. Kh2 Kf2 102. Kh3 Ke2 103. Kg2 Ke3 104. Kg3 Ke4 105. Kh3 Kf3 106. Kh2 Kxg4 107. Kg2 Kf4 108. Kf2 Ke5 109. Ke3 g4 110. Kf2 Kf4 111. Kg2 Kf5 112. Kg3 Kg5 113. Kg2 Kg6 114. Kg3 Kh5 115. Kg2 Kh4 116. Kh2 g3+ 117. Kg2 Kg4 118. Kg1 Kf3 119. Kf1 Ke4 120. Kg2 Kf4 121. Kg1 Kf3 122. Kf1 Kg4 123. Kg2 Kg5 124. Kxg3 1/2-1/2


[Site "https://www.chess.com"]

[Event "Titled Tuesday Blitz April 25 Early 2023"]
[White "Dzagnidze, Nana"]
[Black "Vakhlamov, Igor L."]
[WhiteFideId "13601903"]
[BlackFideId "24126748"]
[WhiteElo "2406"]
[BlackElo "2400"]
[Result "1/2-1/2"]
[Round "11"]
[TimeControl "180+2"]
[Date "2023.04.25"]
[WhiteClock "0:00:04"]
[BlackClock "0:00:06"]

1. d4 e6 2. c4 Bb4+ 3. Bd2 Bxd2+ 4. Qxd2 Nf6 5. Nc3 O-O 6. e4 d5 7. e5 Ne4 8. Nxe4 dxe4 9. Ne2 c5 10. dxc5 Qc7 11. Qd4 Nc6 12. Qxe4 Nxe5 13. Nc3 Qxc5 14. Be2 Bd7 15. O-O Bc6 16. Qf4 Ng6 17. Qg3 Rad8 18. Rad1 Ne7 19. Bd3 Nf5 20. Bxf5 Qxf5 21. Qe3 a6 22. f3 h6 23. b3 Qc2 24. Rc1 Qg6 25. Rfd1 Qf6 26. Kf2 Qh4+ 27. Kg1 Qe7 28. Rxd8 Rxd8 29. Rd1 Rxd1+ 30. Nxd1 Qa3 31. Qd2 Qc5+ 32. Kf1 Qe5 33. Kg1 f5 34. Nc3 Kh7 35. Ne2 Qa1+ 36. Kf2 e5 37. Qc3 Qxc3 38. Nxc3 Kg6 39. Ke3 Kf6 40. g3 g5 41. b4 Ke6 42. a4 b6 43. b5 axb5 44. axb5 Be8 45. Na4 Kd6 46. Nxb6 Kc5 47. Nc8 Bd7 48. Ne7 Be6 49. Ng6 Bxc4 50. Nxe5 Bxb5 51. Nf7 Kd5 52. Nxh6 Ke5 53. f4+ gxf4+ 54. gxf4+ Ke6 55. Kf2 Be8 56. Kg3 Kf6 57. Kh4 Kg6 58. Nxf5 Kxf5 59. Kg3 Bh5 60. h4 Bg6 61. Kf2 Kxf4 62. h5 Bxh5 1/2-1/2


[Site "https://www.chess.com"]

[Event "Titled Tuesday Blitz April 25 Early 2023"]
[White "Asavasaetakul, Chawit"]
[Black "Liu, Xiangyi"]
[WhiteFideId "6204856"]
[BlackFideId "8605718"]
[WhiteElo "1919"]
[BlackElo "2323"]
[Result "1-0"]
[Round "11"]
[TimeControl "180+2"]
[Date "2023.04.25"]
[WhiteClock "0:00:55"]
[BlackClock "0:00:07"]

1. e4 e6 2. d4 d5 3. Nd2 Be7 4. Ngf3 Nf6 5. Bd3 c5 6. dxc5 Bxc5 7. Qe2 Nc6 8. c3 O-O 9. O-O e5 10. exd5 Qxd5 11. h3 Re8 12. Bc4 Qd8 13. Ng5 Rf8 14. Nde4 Be7 15. Rd1 Qc7 16. Nxf7 Rxf7 17. Ng5 Nd8 18. Rxd8+ Bxd8 19. Bxf7+ Kf8 20. Bb3 Qe7 21. Be3 h6 22. Nf3 Bb6 23. Bxb6 axb6 24. Qxe5 Qxe5 25. Nxe5 Ne4 26. Re1 Bf5 27. f3 Nc5 28. g4 Bh7 29. Bc4 Rd8 30. Kf2 Na4 31. Re2 g5 32. Bb5 Nc5 33. b4 Ne6 34. Nd7+ Kf7 35. Bc4 1-0


[Site "https://www.chess.com"]

[Event "Titled Tuesday Blitz April 25 Early 2023"]
[White "Shevtchenko, Olesya"]
[Black "Ashraf, Artin"]
[WhiteFideId "24131890"]
[BlackFideId "22514805"]
[WhiteElo "2003"]
[BlackElo "2188"]
[Result "1-0"]
[Round "11"]
[TimeControl "180+2"]
[Date "2023.04.25"]
[WhiteClock "0:01:39"]
[BlackClock "0:00:54"]

1. e4 e5 2. Nf3 Nc6 3. Nc3 Nf6 4. d4 exd4 5. Nxd4 Bb4 6. Nxc6 bxc6 7. Bd3 d5 8. exd5 O-O 9. O-O cxd5 10. h3 c6 11. Qf3 h6 12. Ne2 Bd6 13. Bf4 Rb8 14. b3 a5 15. Ng3 Rb4 16. c4 a4 17. Bc2 Bxf4 18. Qxf4 dxc4 19. bxc4 Ba6 20. Rfd1 Qb8 21. Qf5 Bc8 22. Qd3 Re8 23. a3 Rb2 24. Bxa4 Qa7 25. Bc2 Be6 26. Qc3 Reb8 27. Qxb2 1-0


[Site "https://www.chess.com"]

[Event "Titled Tuesday Blitz April 25 Early 2023"]
[White "Postny, Evgeny"]
[Black "Sharapov, Evgeny"]
[WhiteFideId "2804344"]
[BlackFideId "14103133"]
[WhiteElo "2504"]
[BlackElo "2367"]
[Result "1/2-1/2"]
[Round "11"]
[TimeControl "180+2"]
[Date "2023.04.25"]
[WhiteClock "0:00:07"]
[BlackClock "0:00:15"]

1. e4 c5 2. Nf3 d6 3. d4 cxd4 4. Nxd4 Nf6 5. Nc3 Nc6 6. Bg5 e6 7. Qd2 Be7 8. O-O-O O-O 9. f4 Nxd4 10. Qxd4 Qa5 11. Bc4 Bd7 12. Bb3 Bc6 13. Rhe1 Rfd8 14. Kb1 h6 15. Bh4 Qh5 16. Bg3 d5 17. e5 Ne4 18. Nxe4 dxe4 19. Qg1 Bc5 20. Qf1 e3 21. Bc4 Bxg2 22. Be2 Bxf1 23. Bxh5 e2 24. Rxd8+ Rxd8 25. c3 Rd2 26. f5 Be3 27. fxe6 fxe6 28. a4 b6 29. Ka2 g5 30. Kb3 Kf8 31. h4 Ke7 32. Bg4 Bf4 33. Bf2 Bxe5 34. hxg5 hxg5 35. Be3 Rd1 36. Bxg5+ Bf6 37. Bxf6+ Kxf6 38. Rxd1 exd1=Q+ 39. Bxd1 Ke5 40. Bg4 Kd5 41. a5 bxa5 42. Ka4 e5 43. Kxa5 e4 44. Kb4 e3 45. b3 Ke4 46. Kc5 Bg2 47. Be2 Bf3 48. Bf1 Kf4 49. b4 Kg3 50. Kd4 Kf2 51. c4 e2 52. Bxe2 Bxe2 53. b5 Kf3 54. Kc5 Ke4 55. Kb4 Kd4 56. c5 Kd5 57. c6 Kd6 58. Ka5 Kc7 59. Ka6 Kb8 60. c7+ Kxc7 61. Kxa7 Bxb5 1/2-1/2


[Site "https://www.chess.com"]

[Event "Titled Tuesday Blitz April 25 Early 2023"]
[White "Fiorito, Francisco"]
[Black "Bryakin, Mikhail"]
[WhiteFideId "180165"]
[BlackFideId "4165314"]
[WhiteElo "2341"]
[BlackElo "2447"]
[Result "1/2-1/2"]
[Round "11"]
[TimeControl "180+2"]
[Date "2023.04.25"]
[WhiteClock "0:00:19"]
[BlackClock "0:02:30"]

1. d4 d6 2. Nc3 e5 3. dxe5 dxe5 4. Qxd8+ Kxd8 5. e4 c6 6. Bc4 Ke8 7. a4 Nf6 8. f3 Nbd7 9. Be3 Bc5 10. Nd1 Bxe3 11. Nxe3 g6 12. a5 Ke7 13. Nh3 Nc5 14. Nf2 Be6 15. b4 Na6 16. Bxa6 bxa6 17. Nd3 Nd7 18. Ra3 Rab8 19. Rc3 Rhc8 20. Ke2 Rb5 21. Nc4 f6 22. Na3 Rbb8 23. Rd1 c5 24. Nxc5 Nxc5 25. bxc5 Rc6 26. Rb1 Rbc8 27. Rb7+ R8c7 28. Rxc7+ Rxc7 29. Nb1 Kd7 30. Rd3+ Ke7 31. Rc3 Kd7 32. Rd3+ Ke7 33. Rc3 1/2-1/2


[Site "https://www.chess.com"]

[Event "Titled Tuesday Blitz April 25 Early 2023"]
[White "Wagner, Dennis"]
[Black "MKlose11"]
[WhiteFideId "24650684"]
[WhiteElo "2470"]
[BlackElo "2551"]
[Result "1/2-1/2"]
[Round "11"]
[TimeControl "180+2"]
[Date "2023.04.25"]
[WhiteClock "0:00:06"]
[BlackClock "0:00:04"]

1. d4 Nf6 2. Nf3 c5 3. d5 b5 4. Bg5 Ne4 5. Bf4 Bb7 6. e3 Nf6 7. c4 bxc4 8. Nc3 g6 9. Bxc4 Bg7 10. O-O O-O 11. h3 d6 12. e4 Nfd7 13. Rb1 Ba6 14. Qd3 Bxc4 15. Qxc4 Qb6 16. b4 cxb4 17. Rxb4 Qc5 18. Na4 Qxc4 19. Rxc4 Na6 20. Be3 Rfc8 21. Rfc1 Rxc4 22. Rxc4 Kf8 23. g4 Ke8 24. Kg2 h6 25. a3 Kd8 26. Rc6 Nc7 27. Nd4 a6 28. Rc2 Nb5 29. Nc6+ Ke8 30. Ra2 Rc8 31. Nb6 Nxb6 32. Bxb6 Nc3 33. Rc2 Kd7 34. Kf3 f5 35. gxf5 gxf5 36. e5 Nxd5 37. e6+ Kxe6 38. Nd4+ Kd7 39. Rxc8 Kxc8 40. Nxf5 Nxb6 41. Nxg7 Nc4 42. a4 Nb6 43. a5 Nc4 44. Nf5 Kd7 45. Nxh6 Nxa5 46. Nf5 Nb3 47. h4 Ke6 48. Ne3 a5 49. Nc4 a4 50. Kg4 Kf6 51. h5 Nd4 52. Na3 Nc6 53. f4 e6 54. Kf3 Nd4+ 55. Ke4 Nf5 56. Nb5 Ng3+ 57. Kd3 Nxh5 58. Nxd6 a3 59. Kc2 Nxf4 60. Kb3 Ke5 61. Nf7+ Kf6 62. Nd6 Ke7 63. Nc4 Kd7 64. Kxa3 Kc6 65. Kb3 Kd5 66. Ne3+ Ke4 67. Ng4 Ne2 68. Kc4 Ng3 69. Nf6+ Kf5 70. Nd7 Ne4 71. Kd3 Nd6 72. Ke2 Nf7 73. Nc5 Nd8 74. Nxe6 1/2-1/2


[Site "https://www.chess.com"]

[Event "Titled Tuesday Blitz April 25 Early 2023"]
[White "Arat, Ufuk Sezen"]
[Black "Skvortsov, Andrei"]
[WhiteFideId "6309089"]
[BlackFideId "24108600"]
[WhiteElo "2289"]
[BlackElo "2259"]
[Result "0-1"]
[Round "11"]
[TimeControl "180+2"]
[Date "2023.04.25"]
[WhiteClock "0:00:10"]
[BlackClock "0:00:34"]

1. e4 d5 2. exd5 Qxd5 3. Nc3 Qe5+ 4. Be2 Bg4 5. d4 Bxe2 6. Ngxe2 Qa5 7. b4 Qh5 8. Qd3 Nf6 9. Bf4 e6 10. a3 Nbd7 11. O-O c6 12. b5 Be7 13. bxc6 bxc6 14. h3 O-O 15. Ng3 Qa5 16. Nge4 Nxe4 17. Nxe4 Nf6 18. Bd2 Qb5 19. Qxb5 cxb5 20. Nxf6+ Bxf6 21. c3 Rfc8 22. a4 b4 23. cxb4 Bxd4 24. Rac1 Kf8 25. b5 Ke8 26. Bb4 e5 27. Rfd1 Rxc1 28. Rxc1 Kd7 29. Rd1 Ke6 30. Kf1 Rc8 31. Rb1 Rc2 32. Be1 Kd5 33. a5 Rb2 34. Rxb2 Bxb2 35. Bd2 Kc5 36. b6 axb6 37. Bb4+ Kb5 38. axb6 Kxb6 39. Bf8 e4 40. Ke2 Kc6 41. f3 Kd5 42. Bb4 f5 43. Ba5 g6 44. Bd8 Be5 45. Be7 Bc7 46. Bf6 Ke6 47. Bc3 Bb6 48. Bd2 Kd5 49. Bg5 Bd4 50. Be7 Bg7 51. Bd8 h6 52. Be7 g5 53. h4 gxh4 54. Bxh4 Be5 55. Bd8 Bf4 56. Bh4 Ke6 57. g3 Bg5 58. fxe4 fxe4 59. Kf2 Kf5 60. g4+ Kxg4 61. Bg3 Bf4 0-1


[Site "https://www.chess.com"]

[Event "Titled Tuesday Blitz April 25 Early 2023"]
[White "Manukian, Artak"]
[Black "Seo, Jung Min"]
[WhiteFideId "13301373"]
[BlackFideId "1734687"]
[WhiteElo "2130"]
[BlackElo "2468"]
[Result "1-0"]
[Round "11"]
[TimeControl "180+2"]
[Date "2023.04.25"]
[WhiteClock "0:01:25"]
[BlackClock "0:02:01"]

1. e4 c6 2. d4 d5 3. e5 Bf5 4. c4 e6 5. Nc3 Bb4 6. Qb3 Qa5 7. Bd2 Ne7 8. a3 Bxc3 9. Bxc3 Qc7 10. Bb4 O-O 11. Bd6 Qd7 12. c5 Re8 13. Nf3 Nc8 14. Be2 b6 15. O-O bxc5 16. Bxc5 Qc7 17. Rfc1 Nd7 18. Qc3 a5 19. b4 axb4 20. Bxb4 Na7 21. Bd6 Qc8 22. a4 Bg4 23. h3 Bh5 24. Rab1 Bg6 25. Rb4 c5 26. dxc5 Nc6 27. Rh4 Qb7 28. Bb5 Na7 29. c6 Nxc6 30. Qxc6 1-0


[Site "https://www.chess.com"]

[Event "Titled Tuesday Blitz April 25 Early 2023"]
[White "Souleidis, Georgios"]
[Black "Mrudul Dehankar"]
[WhiteFideId "4206827"]
[BlackFideId "25096990"]
[WhiteElo "2401"]
[BlackElo "2139"]
[Result "1-0"]
[Round "11"]
[TimeControl "180+2"]
[Date "2023.04.25"]
[WhiteClock "0:00:09"]
[BlackClock "0:00:02"]

1. e4 c6 2. Nc3 d5 3. Nf3 Bg4 4. h3 Bxf3 5. Qxf3 e6 6. d4 Nd7 7. Bd3 g6 8. O-O Bg7 9. exd5 cxd5 10. Nb5 Qb6 11. Bf4 Kf8 12. Bd6+ Ne7 13. Ba3 Bxd4 14. Nxd4 Qxd4 15. Rad1 Qf6 16. Qg3 Ne5 17. Be2 Nc6 18. Qc7 Rb8 19. Bb5 Kg7 20. Rfe1 Rhc8 21. Qg3 Nf5 22. Qd3 a6 23. Bxc6 Rxc6 24. c3 Rbc8 25. f4 Nd6 26. Rf1 Nc4 27. f5 gxf5 28. Bb4 Qg5 29. Rf2 Qe3 30. Qf1 Kh8 31. Re1 Qg3 32. Be7 h6 33. Bf6+ Kh7 34. Rf3 Qg6 35. Bd4 Rg8 36. Rf2 Rcc8 37. Be5 Rce8 38. Bh2 e5 39. Kh1 f4 40. b3 Ne3 41. Qe2 Nf5 42. Rf3 Ng3+ 43. Bxg3 fxg3 44. Ref1 Rg7 45. Rf6 Qg5 46. Qf3 e4 47. Qf5+ Qxf5 48. R6xf5 Rg5 49. Rxf7+ Rg7 50. R7f5 Rd8 51. Rd1 Kg6 52. Rfxd5 Rxd5 53. Rxd5 Re7 54. Kg1 Kf6 55. Kf1 Ke6 56. c4 Kf6 57. Ke2 Re6 58. Ke3 Re7 59. Rd4 Kf5 60. Rd5+ Kf6 61. Rh5 Kg6 62. Rh4 Kf5 63. Rf4+ Kg5 64. Rg4+ Kf5 65. Rf4+ Kg5 66. Rxe4 1-0


[Site "https://www.chess.com"]

[Event "Titled Tuesday Blitz April 25 Early 2023"]
[White "Williams, Simon K"]
[Black "Jaskolka, Tomasz"]
[WhiteFideId "404454"]
[BlackFideId "1170791"]
[WhiteElo "2468"]
[BlackElo "2155"]
[Result "1-0"]
[Round "11"]
[TimeControl "180+2"]
[Date "2023.04.25"]
[WhiteClock "0:01:01"]
[BlackClock "0:00:23"]

1. e4 c5 2. a3 e5 3. Nc3 Nc6 4. Bc4 Nf6 5. d3 d6 6. f4 exf4 7. Bxf4 Ne5 8. Ba2 Qb6 9. Nge2 Qxb2 10. Bb3 Bg4 11. Bd2 Bxe2 12. Kxe2 Nc6 13. Ra2 Nd4+ 14. Kf1 Qxa2 15. Bxa2 Be7 16. Nd5 Nxd5 17. Bxd5 Rb8 18. c3 Ne6 19. Qa4+ b5 20. Bc6+ Kf8 21. Qxa7 Rc8 22. Bd7 Rc7 23. Qb8+ Bd8 1-0


[Site "https://www.chess.com"]

[Event "Titled Tuesday Blitz April 25 Early 2023"]
[White "Sahib Singh"]
[Black "Vivas Zamora, Fabian Ernesto"]
[WhiteFideId "25618342"]
[BlackFideId "3902480"]
[WhiteElo "1934"]
[BlackElo "2262"]
[Result "0-1"]
[Round "11"]
[TimeControl "180+2"]
[Date "2023.04.25"]
[WhiteClock "0:02:09"]
[BlackClock "0:00:24"]

1. d4 Nf6 2. c4 g6 3. Nc3 d5 4. cxd5 Nxd5 5. e4 Nxc3 6. bxc3 Bg7 7. Bc4 c5 8. Nf3 Nc6 9. e5 cxd4 10. cxd4 O-O 11. O-O Bg4 12. Be3 Rc8 13. Be2 Nb4 14. Rb1 Nxa2 15. Rxb7 Nc3 16. Qd2 Bxe5 17. Nxe5 Bxe2 18. Rc1 Ba6 19. Rd7 Ne2+ 20. Qxe2 Rxc1+ 21. Bxc1 Bxe2 22. Rxd8 Rxd8 23. Nc6 Rd7 24. Ba3 Kf8 25. Bc5 a6 26. Na5 Bb5 27. f4 Ke8 28. Kf2 f6 29. Ke3 Kf7 30. h4 Ke6 31. Ke4 h5 32. Bb6 Rd6 33. Bc5 Rd8 34. Ba7 Ba4 35. Nb7 Bc6+ 36. d5+ Bxd5+ 37. Kd4 Bxb7+ 38. Kc5 Bxg2 39. Kb6 Rd6+ 40. Kc7 Rd7+ 41. Kb8 Rxa7 42. Kxa7 a5 43. Kb6 a4 44. Kb5 a3 45. Kb4 a2 46. Kb3 a1=Q 47. Kc2 Qd4 48. Kb3 Be4 49. Ka2 Qb4 50. Ka1 Qb1# 0-1


[Site "https://www.chess.com"]

[Event "Titled Tuesday Blitz April 25 Early 2023"]
[White "Zhigalko, Sergei"]
[Black "Kubatko, Ivan"]
[WhiteFideId "13502956"]
[BlackFideId "24111473"]
[WhiteElo "2626"]
[BlackElo "2285"]
[Result "1-0"]
[Round "11"]
[TimeControl "180+2"]
[Date "2023.04.25"]
[WhiteClock "0:00:02"]
[BlackClock "0:00:16"]

1. e4 d5 2. exd5 Qxd5 3. Nc3 Qa5 4. d4 e5 5. dxe5 Bb4 6. Bd2 Nc6 7. Nf3 Bg4 8. a3 Nd4 9. Be2 Bxf3 10. Bxf3 Qxe5+ 11. Kf1 Bd6 12. Bxb7 Rb8 13. Be3 Nf5 14. Bc6+ Kf8 15. Bc1 Nf6 16. g3 h5 17. Kg2 h4 18. Re1 Qc5 19. Qf3 Nd4 20. Qd3 Qxc6+ 21. f3 h3+ 22. Kf2 Bc5 23. b4 Bb6 24. b5 Qd7 25. Be3 Ne6 26. Qe2 Bxe3+ 27. Qxe3 Qd4 28. Rad1 Qd3 29. Rxd3 1-0


[Site "https://www.chess.com"]

[Event "Titled Tuesday Blitz April 25 Early 2023"]
[White "Demchenko, Anton"]
[Black "Bodnaruk, Anastasia"]
[WhiteFideId "4160258"]
[BlackFideId "4181751"]
[WhiteElo "2545"]
[BlackElo "2310"]
[Result "1-0"]
[Round "11"]
[TimeControl "180+2"]
[Date "2023.04.25"]
[WhiteClock "0:00:04"]
[BlackClock "0:00:02"]

1. e4 c5 2. Nc3 d6 3. Bb5+ Bd7 4. a4 g6 5. f4 Bg7 6. Nf3 Nc6 7. O-O Nd4 8. d3 e6 9. Be3 Ne7 10. Qd2 O-O 11. Qf2 Nxf3+ 12. Qxf3 Nc6 13. Bxc6 Bxc6 14. Qf2 f5 15. e5 b6 16. d4 cxd4 17. Bxd4 dxe5 18. Bxe5 Bxe5 19. fxe5 Qe7 20. Rfd1 Rad8 21. a5 b5 22. Ne2 b4 23. Nd4 Be4 24. Nb5 f4 25. Nd6 Bd5 26. Rd4 Qg5 27. Re1 b3 28. c4 Bc6 29. h4 Qg3 30. Rf1 Qg4 31. c5 h6 32. Rfd1 g5 33. R1d3 Rb8 34. hxg5 hxg5 35. Rh3 Kg7 36. Nc4 Rh8 37. Rxh8 Rxh8 38. Rd6 Qh5 39. Kf1 Qh1+ 40. Qg1 Bxg2+ 41. Kf2 Be4 42. Qxg5+ Kf7 43. Rd7+ Kf8 44. Qe7+ Kg8 45. Qf7# 1-0


[Site "https://www.chess.com"]

[Event "Titled Tuesday Blitz April 25 Early 2023"]
[White "Tari, Aryan"]
[Black "Janaszak, Dawid"]
[WhiteFideId "1510045"]
[BlackFideId "1119206"]
[WhiteElo "2561"]
[BlackElo "2220"]
[Result "1-0"]
[Round "11"]
[TimeControl "180+2"]
[Date "2023.04.25"]
[WhiteClock "0:00:07"]
[BlackClock "0:00:01"]

1. d4 Nf6 2. Nf3 g6 3. Bg5 Bg7 4. Nbd2 d5 5. e3 O-O 6. Bd3 c5 7. c3 cxd4 8. exd4 Nc6 9. h3 Qc7 10. O-O e5 11. Nxe5 Nxe5 12. dxe5 Qxe5 13. Nf3 Qc7 14. Qc1 Re8 15. Bf4 Qb6 16. Be3 Qc7 17. Bd4 Be6 18. Be5 Qb6 19. Bd4 Qc7 20. Re1 Nh5 21. Bxg7 Kxg7 22. Nd4 Nf4 23. Bf1 a6 24. Qd2 Rad8 25. Re3 Bd7 26. Rae1 Rxe3 27. Rxe3 Ne6 28. Nxe6+ Bxe6 29. Qd4+ Kg8 30. h4 h5 31. Bd3 Qe7 32. Qf4 Kg7 33. Rf3 Bg4 34. Qd4+ Kg8 35. Re3 Qd6 36. Re5 Qc6 37. c4 Be6 38. Be4 Qa4 39. Bxd5 Bxd5 40. b3 Qxa2 41. Rxd5 Rxd5 42. cxd5 Qb1+ 43. Kh2 Qf5 44. d6 Qd7 45. Qf6 b5 46. Qe7 Qg4 47. g3 Qf3 48. Kg1 Qd1+ 49. Kg2 Qd5+ 50. Kh2 Qd2 51. Qf6 1-0


[Site "https://www.chess.com"]